 Dungeon Crawl Stone Soup version 0.28.0-43-g3370ac3207 (webtiles) character file.

Game seed: 6488422323213736069

2639 funkygono the Arsonist (level 9, -1/45 HPs)
             Began as a Gargoyle Fire Elementalist on Mar 10, 2022.
             Slain by Harold
             ... wielding a +0 trident
              (15 damage)
             ... on level 7 of the Dungeon.
             The game lasted 00:14:05 (7868 turns).

funkygono the Arsonist (Gargoyle Fire Elementalist) Turns: 7868, Time: 00:14:06

Health: -1/45      AC: 14    Str: 11    XL:     9   Next: 61%
Magic:  10/20      EV: 12    Int: 21    God:
Gold:   106        SH:  0    Dex: 15    Spells: 13/23 levels left

rFire   + . .      SeeInvis .   n - staff of fire
rCold   . . .      Faith    .   (no shield)
rNeg    + . .      Spirit   .   a - +0 robe
rPois   ∞          Reflect  .   u - +2 helmet of Undesirable Species {Dex+5}
rElec   +          Harm     .   o - +1 cloak
rCorr   .          Rampage  .   c - +0 pair of gloves
Will    .....                   (no boots)
Stlth   ++........              (no amulet)
HPRegen 0.15/turn               (no ring)
MPRegen 0.17/turn               (no ring)

@: marked
A: sickness immunity, AC +6, negative energy resistance 1, electricity
resistance, torment resistance 1, petrification resistance
a: no special abilities


You were on level 7 of the Dungeon.
You visited 1 branch of the dungeon, and saw 7 of its levels.

You collected 324 gold pieces.
You spent 218 gold pieces at shops.

Inventory:

Hand Weapons
 e - a +1 club
 h - a +0 flail
 q - a +0 mace of venom
Missiles
 d - 264 stones
 t - 2 throwing nets
Armour
 a - a +0 robe (worn)
 b - a scarf of invisibility
 c - a +0 pair of gloves (worn)
 o - a +1 cloak (worn)
 u - the +2 helmet of Undesirable Species (worn) {Dex+5}
   (You bought it in a shop on level 1 of the Dungeon)

   Dex:       It affects your dexterity (+5).
 v - an orb of energy
Magical Staves
 n - a staff of fire (weapon)
Jewellery
 s - an amulet of the acrobat
Wands
 x - a wand of paralysis (10)
 y - a wand of acid (11)
Scrolls
 f - 3 scrolls of magic mapping
 g - a scroll of fog
 i - 6 scrolls of teleportation
 w - 2 scrolls of identify
 z - a scroll of enchant weapon
Potions
 j - 4 potions of curing
 k - a potion of might {unknown}
 l - 2 potions of heal wounds
 m - 3 potions of flight
 p - a potion of brilliance
 r - a potion of attraction


   Skills:
 + Level 0.1 Fighting
 + Level 1.2 Staves
 + Level 2.2 Dodging
 - Level 2.1 Stealth
 * Level 7.9 Spellcasting
 * Level 5.8 Conjurations
 * Level 8.3 Fire Magic


You had 13 spell levels left.
You knew the following spells:

 Your Spells              Type           Power      Damage    Failure   Level
a - Foxfire               Conj/Fire      100%       2x1d9     1%          1
b - Scorch                Fire           100%       2d10      1%          2
c - Conjure Flame         Conj/Fire      54%        6-21      1%          3
d - Flame Wave            Conj/Fire      54%        2d11      4%          4

Your spell library contained the following spells:

 Spells                   Type           Power      Damage    Failure   Level
 Magic Dart               Conj           100%       1d8       1%          1
 Searing Ray              Conj           64%        2d6       1%          2
 Inner Flame              Hex/Fire       38%        N/A       4%          3
 Gell's Gravitas          Tloc           8%         N/A       24%         3
 Teleport Other           Tloc           8%         N/A       24%         3
 Fulminant Prism          Conj/Hex       10%        3d9       24%         4
 Irradiate                Conj/Tmut      10%        3d16      56%         5
 Petrify                  Tmut/Erth      8%         N/A       63%         4
 Dispersal                Tloc           4%         N/A       100%        6
 Sublimation of Blood     Necr           Unusable   N/A       N/A         2

Dungeon Overview and Level Annotations

Branches:
Dungeon (7/15)
 Temple: D:4-7

Altars:
Ashenzari
Kikubaaqudgha
Nemelex Xobeh
Okawaru
Wu Jian
Yredelemnul

Shops:
D:1 ?:[=

Annotations:
D:4 2 transporters, Menkaure
D:5 3 runed translucent doors, p0werm0de's ghost, amateur GnAE
D:7 Harold


Innate Abilities, Weirdness & Mutations

You are immune to sickness and miasma.
Your stone body is resilient. (AC +6)
You are immune to poison.
You resist negative energy. (rN+)
You are resistant to electric shocks. (rElec)
You are resistant to unholy torment.
You are immune to petrification.


Message History

Casting: Foxfire (safe; 1% risk of failure)
Confirm with . or Enter, or press ? or * to list all spells.
You feel a surge of power!
Flames lash Harold.
Harold is lightly wounded.
Harold's fire resistance burns away.
The foxfire hits Harold but does no damage.
Harold is lightly wounded.
The foxfire hits Harold.
Harold is burned terribly!
Harold is lightly wounded.
Harold hits you from afar with a +0 trident!
* * * LOW HITPOINT WARNING * * *
The centaur unwields a +0 shortbow.
The centaur misses you. The centaur kicks you.
* * * LOW HITPOINT WARNING * * *
Harold hits you with a +0 trident.
* * * LOW HITPOINT WARNING * * *
The centaur misses you.
The centaur kicks you but does no damage.
You feel much better. Harold hits you but does no damage.
The centaur misses you. The centaur kicks you.
Casting: Scorch (safe; 1% risk of failure)
Confirm with . or Enter, or press ? or * to list all spells.
Casting: Flame Wave (dangerous; 4% risk of failure)
Press: ? - help, Dir - look around, f - activate You feel a surge of power!
A wave of flame ripples out!
The flame wave engulfs Harold.
Harold is lightly wounded.
The flame wave engulfs the centaur!
The centaur is severely wounded. (Press . to intensify the flame waves.)
The centaur hits you but does no damage.
The centaur kicks you but does no damage.
Harold hits you with a +0 trident! The centaur closely misses you. x2
A wave of flame ripples out!
The flame wave engulfs Harold.
Harold is burned terribly!
Harold is moderately wounded.
The flame wave engulfs the centaur!
You kill the centaur!
Harold hits you with a +0 trident!
You die...

.............#....## ....###
.######..#.#.......###.......
#..................v...
#.##.##......#......§##
#...........#......§..#
####.####.###.........# #.#
#.###......!..#
###########$........##
.......$@@.(#§§...$>..
..#..#..#).##.#...####
...........##.#####
............#.#
........=...#.#
..#..#..#.....#
....!.......#.#
############.# ## ###


You could see Harold (combustible).

Vanquished Creatures
  A shadow (D:6)
  An ice beast (D:7)
  A sky beast (D:7)
  A black bear (D:6)
  3 ogres
  2 phantoms
  2 centaurs (D:7)
  2 bullfrogs (D:7)
  A water moccasin zombie (D:5)
  2 scorpions (D:5)
  3 killer bees (D:7)
  9 wights
  A howler monkey (D:6)
  A centaur zombie (D:7)
  A jelly (D:7)
  2 orc priests
  3 gnoll shamans
  3 hounds
  A scorpion zombie (D:5)
  2 iguanas
  3 orc wizards
  A hound skeleton (D:4)
  22 gnolls
  6 adders
  A howler monkey skeleton (D:5)
  2 ufetubi
  3 worms (D:4)
  3 dart slugs
  16 orcs
  8 ball pythons
  5 bats
  9 endoplasms
  7 giant cockroaches
  10 goblins
  8 hobgoblins
  6 jackals (D:1)
  A kobold (D:3)
  4 quokkas
  2 frilled lizards (D:1)
  5 rats
164 creatures vanquished.

Vanquished Creatures (others)
  524 foxfires
524 creatures vanquished.

Grand Total: 688 creatures vanquished

Notes
Turn   | Place    | Note
-------+----------+-------------------------------------------
     0 | D:1      | funkygono the Gargoyle Fire Elementalist began the quest
                  | for the Orb.
     0 | D:1      | Reached XP level 1. HP: 10/10 MP: 3/3
   112 | D:1      | Reached XP level 2. HP: 14/15 MP: 0/5
   126 | D:1      | Learned a level 2 spell: Scorch
   194 | D:1      | Found Tyeczy's Antique Armour Shoppe.
   264 | D:1      | Found Loyt Xus's Jewellery Shoppe.
   303 | D:1      | Found Zaych's Book Shop.
   541 | D:1      | Reached XP level 3. HP: 19/19 MP: 3/6
   545 | D:1      | Learned a level 3 spell: Conjure Flame
   576 | D:1      | Found Ugoas's Magic Scroll Boutique.
   584 | D:1      | Bought a scroll of identify for 28 gold pieces
   961 | D:2      | Reached skill level 4 in Fire Magic
  1029 | D:2      | Reached XP level 4. HP: 24/24 MP: 1/7
  1888 | D:3      | Reached XP level 5. HP: 28/28 MP: 6/9
  2470 | D:3      | You fall into a shaft and drop 1 floor!
  2520 | D:4      | Reached XP level 6. HP: 32/32 MP: 9/11
  2531 | D:4      | Learned a level 4 spell: Flame Wave
  2561 | D:4      | Found a transporter.
  2656 | D:4      | Reached skill level 5 in Fire Magic
  2970 | D:4      | Found a transporter.
  2970 | D:4      | Found an ancient bone altar of Kikubaaqudgha.
  2974 | D:4      | Noticed Menkaure
  3080 | D:4      | Found a basalt altar of Yredelemnul.
  4320 | D:5      | Entered Level 5 of the Dungeon
  4364 | D:5      | Reached XP level 7. HP: 36/36 MP: 7/13
  4445 | D:5      | Found a runed translucent gate.
  4445 | D:5      | Found a runed translucent gate.
  4446 | D:5      | Found a runed translucent gate.
  4448 | D:5      | Noticed p0werm0de's ghost (amateur GnAE)
  4933 | D:5      | Reached skill level 5 in Spellcasting
  5000 | D:5      | Reached skill level 1 in Staves
  5007 | D:5      | Reached skill level 6 in Fire Magic
  5227 | D:5      | Reached XP level 8. HP: 40/41 MP: 8/15
  5445 | D:5      | Found an iron altar of Okawaru.
  5780 | D:5      | Found a sparkling altar of Nemelex Xobeh.
  5932 | D:1      | Bought a polished helmet for 190 gold pieces
  5932 | D:1      | Identified the +2 helmet of Undesirable Species {Dex+5}
                  | (You bought it in a shop on level 1 of the Dungeon)
  6143 | D:6      | Reached skill level 5 in Conjurations
  6226 | D:6      | Found an ornate altar of the Wu Jian Council.
  6385 | D:6      | Reached skill level 7 in Fire Magic
  6764 | D:6      | Reached XP level 9. HP: 45/45 MP: 12/19
  7007 | D:6      | Found a broken altar of Ashenzari.
  7369 | D:7      | Reached skill level 8 in Fire Magic
  7852 | D:7      | Noticed Harold
  7868 | D:7      | Slain by Harold

Illustrated notes

Levels and vault maps discovered:
D:1:      heliophobic_arrival_henge, layout_rooms, serial_shops,
          nicolae_shop_statue_plus, shop, shop,
          nicolae_shop_competitors_out_of_business
D:2:      layout_rooms
D:3:      layout_rooms, hangedman_glass_teeth, hex_large,
          kennysheep_generic_room_13
D:4:      layout_basic, gammafunk_temple_of_torment, portal_sewer_entry_b,
          st_stairs_4
D:5:      layout_cave_pools, marbit_many_paths, kennysheep_okawaru_gauntlet,
          gammafunk_ghost_necromancy, roderic_lattice_a
D:6:      layout_basic, kennysheep_little_box, mainiacjoe_overflow_brackets
D:7:      layout_loops_ring, temple_hall, chequers_jeans, glass_columns_a,
          uniq_harold

Skill      XL: |  1  2  3  4  5  6  7  8  9 |
---------------+----------------------------+-----
Fire Magic     | 4 5 6 7 8 |  8.3
Conjurations   | 2 3 4 5 |  5.8
Spellcasting   | 3 4 5 6 7 |  7.9
Dodging        | 2 |  2.2
Staves         | 1 |  1.2
Fighting       | |  0.1
Stealth        | |  2.1

Action                   |  1- 3 |  4- 6 |  7- 9 || total
-------------------------+-------+-------+-------++-------
Melee: Club              |     1 |    16 |       ||    17
       Staff             |       |     1 |     3 ||     4
 Cast: Foxfire           |    51 |   122 |   141 ||   314
       Scorch            |       |    20 |    55 ||    75
       Conjure Flame     |       |     1 |       ||     1
       Flame Wave        |       |       |     3 ||     3
  Use: Scroll            |       |    10 |     3 ||    13
       Potion            |       |     1 |     1 ||     2
Armor: Robe              |    13 |    29 |    31 ||    73
Dodge: Dodged            |    28 |    44 |    45 ||   117
